 Dungeon Crawl Stone Soup version 0.29-a0-40-g8eb35efe60 (webtiles) character file.

Game seed: 16944782068028789277

1556 bande the Chopper (level 8, -5/51 HPs)
             Began as a Gargoyle Fighter on Feb 2, 2022.
             Slain by a wight (6 damage)
             ... on level 5 of the Dungeon.
             The game lasted 00:15:58 (6544 turns).

bande the Chopper (Gargoyle Fighter)                Turns: 6544, Time: 00:15:58

Health: -5/51      AC: 16    Str: 19    XL:     8   Next: 88%
Magic:  8/8        EV:  7    Int: 10    God:
Gold:   200        SH:  6    Dex: 11    Spells: 7/7 levels left

rFire   + + .      SeeInvis .   a - +0 war axe
rCold   + . .      Faith    .   c - +1 buckler
rNeg    + . .      Spirit   .   q - +0 chain mail
rPois   ∞          Reflect  .   k - +0 helmet
rElec   +          Harm     .   m - scarf {rC+ rF+}
rCorr   .          Rampage  .   (no gloves)
Will    .....                   (no boots)
Stlth   ..........              (no amulet)
HPRegen 0.17/turn               h - ring of protection from fire
MPRegen 0.11/turn               (no ring)

@: no status effects
A: sickness immunity, AC +5, negative energy resistance 1, electricity
resistance, torment resistance 1, petrification resistance
a: no special abilities


You were on level 5 of the Dungeon.
You visited 1 branch of the dungeon, and saw 5 of its levels.
You also visited: Ossuary.

You collected 260 gold pieces.
You spent 60 gold pieces at shops.

Inventory:

Hand Weapons
 a - a +0 war axe (weapon)
 d - a +2 flail of pain
Missiles
 t - 2 throwing nets (quivered)
Armour
 c - a +1 buckler (worn)
 k - a +0 helmet (worn)
 m - a scarf of resistance (worn)
 q - a +0 chain mail (worn)
Jewellery
 h - a ring of protection from fire (left hand)
Wands
 b - a wand of polymorph (4)
 g - a wand of flame (34)
Scrolls
 i - 3 scrolls of teleportation
 l - 4 scrolls of fear
 r - 5 scrolls of enchant armour
 u - 2 scrolls of amnesia
 v - a scroll of identify
 y - a scroll of fog
 A - a scroll of enchant weapon {unknown}
 C - a scroll of blinking
Potions
 e - a potion of resistance
 f - 4 potions of flight
 j - 4 potions of heal wounds
 n - 4 potions of attraction {unknown}
 o - a potion of brilliance {unknown}
 p - 3 potions of curing {unknown}
 s - 5 potions of mutation {unknown}
 w - 2 potions of might
 x - a potion of invisibility {unknown}
 z - a potion of ambrosia {unknown}
 B - a potion of magic {unknown}


   Skills:
 + Level 5.8 Fighting
 + Level 6.7 Axes
 + Level 5.7 Armour
 + Level 5.1 Shields
 * Level 3.1 Evocations


You had 7 spell levels left.
You didn't know any spells.
Your spell library contained the following spells:

 Spells                   Type           Power      Damage    Failure   Level
 Freeze                   Ice            0%         1d3       99%         1
 Sandblast                Erth           0%         2d4       99%         1
 Passwall                 Tmut/Erth      0%         N/A       100%        2
 Wereblood                Tmut           0%         N/A       100%        2
 Frozen Ramparts          Ice            0%         1d2       100%        3
 Stone Arrow              Conj/Erth      0%         3d7       100%        3
 Hailstorm                Conj/Ice       0%         3d3       100%        4
 Summon Hydra             Summ           0%         N/A       100%        7
 Sublimation of Blood     Necr           Unusable   N/A       N/A         2

Dungeon Overview and Level Annotations

Branches:
Dungeon (5/15)            Ossuary (visited)
 Temple: D:4-7

Altars:
Ashenzari
Kikubaaqudgha
Okawaru
Uskayaw
Wu Jian
Zin

Shops:
D:2 [((?   D:3 ![!!(   D:5 ?


Innate Abilities, Weirdness & Mutations

You are immune to sickness and miasma.
Your stone body is resilient. (AC +5)
You are immune to poison.
You resist negative energy. (rN+)
You are resistant to electric shocks. (rElec)
You are resistant to unholy torment.
You are immune to petrification.


Message History

a +5 great sword; a +0 robe The wight hits you but does no damage.
You slash the wight!
The wight is heavily damaged.
You barely miss the wight. The wight hits you but does no damage.
The wight hits you with a +0 great sword.
You slash the wight!
The wight is almost destroyed.
You hit the wight but do no damage. The wight hits you with a +0 halberd.
The wight hits you but does no damage.
You closely miss the wight.
The wight is almost destroyed.
You closely miss the wight. The wight closely misses you.
The wight hits you with a +0 great sword!
* * * LOW HITPOINT WARNING * * *
The wight barely misses you.
Unknown command.
You closely miss the wight.
The wight is heavily damaged.
You hit the wight but do no damage. You block the wight's attack.
The wight hits you but does no damage.
The wight hits you with a +0 great sword.
* * * LOW HITPOINT WARNING * * *
You hit the wight but do no damage.
The wight is heavily damaged.
You closely miss the wight. The wight barely misses you.
You block the wight's attack.
Unknown command.
You slash the wight!
You destroy the wight!
You barely miss the wight.
The wight hits you with a +0 great sword.
* * * LOW HITPOINT WARNING * * *
The wight closely misses you.
Things that are here:
a +0 halberd; a +0 robe You barely miss the wight.
The wight is heavily damaged.
The wight hits you with a +0 great sword.
You die...

#..[........#.##....# #....
#....#.....<#.##....# #####
###....##..#.##.##....#
#.............#.##....##
#.........###.#.##...##8## #
#.........###+#'#<..##...##♣##
#.....##............#_....'.'.
#.....##............##...##.##
#.....##(...z@.......##8##♣.♣#
#.....##..))......###.## ##'#
#.....##...).....####.# #..#
########.........'.##.####.###
#######........#.##..>.....#
#..........#####'##........#
#..........................#
#..........................#
#..........................#


You could see a wight.

Vanquished Creatures
  2 centaur zombies
  Sigmund (D:4)
  Edmund (D:4)
  A black bear (D:4)
  2 necrophages (D:5)
  A scorpion (D:5)
  A water moccasin skeleton (D:5)
  4 wights (D:5)
  A human zombie (Ossuary)
  A bullfrog skeleton (D:5)
  A centaur skeleton (D:5)
  A jelly (D:5)
  An iguana (D:5)
  A scorpion zombie (D:5)
  5 mummies (Ossuary)
  A howler monkey zombie (D:5)
  A gnoll (D:1)
  4 adders
  An ufetubus (D:5)
  6 worms
  A dart slug (D:1)
  3 orcs
  7 endoplasms
  3 giant cockroaches
  A gnoll zombie (Ossuary)
  3 goblins
  7 hobgoblins
  6 quokkas
  5 ball pythons
  4 bats
  5 frilled lizards
  3 goblin zombies (Ossuary)
  4 kobolds
  A kobold zombie (Ossuary)
  An orc zombie (Ossuary)
  2 rats
93 creatures vanquished.

Notes
Turn   | Place    | Note
-------+----------+-------------------------------------------
     0 | D:1      | bande the Gargoyle Fighter began the quest for the Orb.
     0 | D:1      | Reached XP level 1. HP: 14/14 MP: 1/1
    89 | D:1      | Reached XP level 2. HP: 13/19 MP: 2/2
   560 | D:1      | Reached XP level 3. HP: 23/24 MP: 3/3
   611 | D:1      | Reached skill level 2 in Axes
   996 | D:2      | Found Tahits's Weapon Shoppe.
  1031 | D:2      | Found Wozyfodi's Antique Weapon Emporium.
  1068 | D:2      | Found Kualisul's Antique Armour Shop.
  1150 | D:2      | Found Pokh's Magic Scroll Emporium.
  1926 | D:2      | Found a faded altar of an unknown god.
  2133 | D:2      | Identified the +8 dagger of Recklessness {pain, rElec Str-4
                  | Dex+6}
  2242 | D:3      | Found Wyseogei's Distillery.
  2253 | D:3      | Bought a potion of degeneration for 10 gold pieces
  2257 | D:3      | Bought a potion of heal wounds for 50 gold pieces
  2274 | D:3      | Found a hide-covered altar of Uskayaw.
  2293 | D:3      | Found an ancient bone altar of Kikubaaqudgha.
  2365 | D:3      | Found Xuten's Distillery.
  2379 | D:3      | Reached XP level 4. HP: 20/29 MP: 4/4
  2606 | D:3      | Found Duimirof's Distillery.
  2624 | D:3      | Found Inestamo's Armour Shoppe.
  3177 | D:3      | Found Regh's Weapon Emporium.
  3485 | D:4      | Reached skill level 3 in Axes
  3522 | D:4      | Reached XP level 5. HP: 33/33 MP: 5/5
  3578 | D:4      | Found a broken altar of Ashenzari.
  3983 | D:4      | Noticed Sigmund
  4006 | D:4      | Killed Sigmund
  4007 | D:4      | Reached skill level 4 in Axes
  4007 | D:4      | Reached XP level 6. HP: 20/39 MP: 6/6
  4265 | D:4      | Noticed Edmund
  4287 | D:4      | Killed Edmund
  4914 | D:5      | Entered Level 5 of the Dungeon
  4934 | D:5      | Reached XP level 7. HP: 27/44 MP: 7/7
  5103 | D:5      | Found Kaekhlaok's Magic Scroll Emporium.
  5162 | D:5      | Reached skill level 5 in Fighting
  5162 | D:5      | Reached skill level 5 in Axes
  5162 | D:5      | Reached skill level 5 in Armour
  5162 | D:5      | Reached skill level 1 in Evocations
  5363 | D:5      | Found a glowing silver altar of Zin.
  5515 | D:5      | Found a sand-covered staircase.
  5525 | Ossuary  | Entered an ossuary
  5588 | Ossuary  | Reached XP level 8. HP: 46/49 MP: 8/8
  6064 | D:5      | Reached skill level 6 in Axes
  6332 | D:4      | Reached skill level 5 in Shields
  6407 | D:5      | Found an iron altar of Okawaru.
  6408 | D:5      | Found an ornate altar of the Wu Jian Council.
  6541 | D:5      | HP: 1/51 [wight (6)]
  6544 | D:5      | Slain by a wight

Illustrated notes

Levels and vault maps discovered:
D:1:      dpeg_arrival_erosion, layout_loops_ring, chequers_mini_garden,
          grunt_decor_arrowhead, minmay_heptomino_w4
D:2:      layout_basic, dilly_ecumenical_altar_fadedgnrine, serial_shops,
          nicolae_shop_temple_entry_statues_fountains,
          nicolae_shop_temple_entry_statues_fountains, nicolae_shop_statue_plus,
          shop
D:3:      minmay_door_path, layout_basic, lemuel_crystal_altar,
          kiku_gazebo_pond_becter, serial_shops, nicolae_shop_crystal,
          nicolae_shop_competitors_out_of_business,
          nicolae_shop_bloodbath_and_beyond, nicolae_shop_trees, shop,
          chequers_serial_rivers_micro_a, nicolae_wormholes
D:4:      layout_loops_ring, nicolae_ashenzari_skybound,
          sigmund_edmund_badplayer
D:5:      layout_basic, zin_scriptorium, amethyst_overflow_temple_binary,
          nicolae_ossuary_entry_ruins, serial_shops, nicolae_shop_crystal

Skill      XL: |  1  2  3  4  5  6  7  8 |
---------------+-------------------------+-----
Fighting       | 4 5 |  5.8
Axes           | 2 3 4 5 6 |  6.7
Armour         | 4 5 |  5.7
Shields        | 4 5 |  5.1
Evocations     | 1 3 |  3.1

Action                   |  1- 3 |  4- 6 |  7- 9 || total
-------------------------+-------+-------+-------++-------
Melee: War axe           |   108 |   114 |   167 ||   389
  Use: Scroll            |     8 |     4 |     1 ||    13
       Potion            |       |     1 |     2 ||     3
Armor: Scale mail        |    60 |    27 |       ||    87
       Chain mail        |       |    28 |   116 ||   144
       Skin              |       |    10 |       ||    10
Dodge: Dodged            |    73 |    34 |    78 ||   185
Block: Buckler           |    30 |    33 |    68 ||   131

Table legend: (Time is in decaauts)
 A = Elapsed time spent in this place.
 B = Non-inter-level travel time spent in this place.
 C = Inter-level travel time spent in this place.
 D = Time resting spent in this place.
 E = Time spent auto-exploring this place.
 F = Levels seen in this place.
 G = Mean time per level.
                   A        B        C        D        E       F      G
               +--------+--------+--------+--------+--------+-----+--------+
         Total |   6677 |   6444 |    233 |   1318 |   3975 |   6 | 1112.8 |
       Dungeon |   6354 |   6121 |    233 |   1318 |   3787 |   5 | 1270.8 |
       Ossuary |    323 |    323 |      0 |      0 |    188 |   1 |  323.0 |
               +--------+--------+--------+--------+--------+-----+--------+

Top non-repeatable levels by time:
     D:4: 1711 daAuts
     D:2: 1450 daAuts
     D:5: 1220 daAuts
     D:3: 1148 daAuts
     D:1: 822 daAuts
 Ossuary: 323 daAuts
